 Dungeon Crawl Stone Soup version 0.29.1-1-gd02db6906a (webtiles) character file.

Game seed: 1485770589657153496

10 masschaos23 the Trooper (level 2, 5/27 HPs)
             Began as a Hill Orc Fighter on Sept 25, 2022.
             Quit the game on level 1 of the Dungeon.
             The game lasted 00:01:04 (821 turns).

masschaos23 the Trooper (Hill Orc Fighter)           Turns: 821, Time: 00:01:05

Health: 5/27       AC:  6    Str: 18    XL:     2   Next: 20%
Magic:  2/2        EV:  9    Int:  8    God:
Gold:   47         SH:  4    Dex: 10    Spells: 1/1 levels left

rFire   . . .      SeeInvis .   a - +0 war axe
rCold   . . .      Faith    .   c - +0 buckler
rNeg    . . .      Spirit   .   b - +0 scale mail
rPois   .          Reflect  .   (no helmet)
rElec   .          Harm     .   (no cloak)
rCorr   .          Rampage  .   (no gloves)
Will    .....                   (no boots)
Stlth   ..........              (no amulet)
HPRegen 0.09/turn               (no ring)
MPRegen 0.08/turn               (no ring)

@: no status effects
A: no striking features
a: no special abilities


You were on level 1 of the Dungeon.
You visited 1 branch of the dungeon, and saw 1 of its levels.

You collected 47 gold pieces.

Inventory:

Hand Weapons
 a - a +0 war axe (weapon)
Armour
 b - a +0 scale mail (worn)
 c - a +0 buckler (worn)
Scrolls
 e - a scroll of identify {unknown}
Potions
 d - a potion of might
 f - a potion of mutation {unknown}
 g - 2 potions of attraction {unknown}


   Skills:
 + Level 3.8 Fighting
 + Level 3.0 Axes
 + Level 3.4 Armour
 + Level 3.4 Shields


You had one spell level left.
You didn't know any spells.
Your spell library was empty.

Dungeon Overview and Level Annotations

Branches:
Dungeon (1/15)

Altars:


Message History

You are too injured to fight recklessly!
Unknown command.
You are too injured to fight recklessly!
A kobold is nearby!
Unknown command.
You are too injured to fight recklessly!
A kobold is nearby!
You are too injured to fight recklessly!
Unknown command.
A kobold is nearby!
You are too injured to fight recklessly!
Unknown command.
A kobold is nearby!
You are too injured to fight recklessly!
You closely miss the kobold. The kobold completely misses you.
You closely miss the kobold. The kobold hits you but does no damage.
You closely miss the kobold.
A rat comes into view.
The kobold hits you with a +0 whip. The kobold hits you but does no damage.
You hit the kobold but do no damage. The kobold hits you with a +0 whip.
* * * LOW HITPOINT WARNING * * *
You closely miss the kobold. You block the kobold's attack.
The kobold closely misses you.
You barely miss the kobold. The kobold hits you with a +0 whip.
* * * LOW HITPOINT WARNING * * *
You closely miss the kobold. The kobold completely misses you.
You barely miss the kobold.
The kobold hits you but does no damage. x2
You slash the kobold!
You kill the kobold!
You slash the rat!
You kill the rat!
You see here a +0 whip.
Unknown command.
Welcome back, masschaos23 the Hill Orc Fighter.
Press ? for a list of commands and other information.
Char dumped successfully.
Are you sure you want to abandon this character and quit the game? (Confirm with "yes".)
Okay, then.
Unknown command.
Are you sure you want to abandon this character and quit the game? (Confirm with "yes".)

### ..# #.# #.######
####.##...####
#.......#.##.#######
#.##.##)##...#.......(.
#.....@.###.#.#...#####
####.#### #..#.....# #
#........# ##.###.#.#
##. #..## #...## ##+#
##...## ##.....##


There were no monsters in sight!

Vanquished Creatures
  An endoplasm (D:1)
  A hobgoblin (D:1)
  A ball python (D:1)
  A bat (D:1)
  A frilled lizard (D:1)
  3 kobolds (D:1)
  3 rats (D:1)
11 creatures vanquished.

Notes
Turn   | Place    | Note
-------+----------+-------------------------------------------
     0 | D:1      | masschaos23 the Hill Orc Fighter began the quest for the
                  | Orb.
     0 | D:1      | Reached XP level 1. HP: 19/19 MP: 1/1
   494 | D:1      | Found a faded altar of an unknown god.
   550 | D:1      | Reached XP level 2. HP: 15/27 MP: 2/2
   821 | D:1      | Quit the game

Illustrated notes

Levels and vault maps discovered:
D:1:      erik_arrival_triangle_small, layout_loops_corners, serial_shops,
          nicolae_lakefront_shop, shapermc_ecumenical_altar_mp_urbaneastern

Skill      XL: |  1 |
---------------+----+-----
Axes           | 3 |  3.0
Fighting       | |  3.8
Armour         | |  3.4
Shields        | |  3.4

Action                   || total
-------------------------++-------
Melee: War axe           ||    42
Armor: Scale mail        ||    19
Dodge: Dodged            ||    17
Block: Buckler           ||     6
